Description

You get nice early hallu to scout, I believe this build is vulnerable to the fastest nydus builds, you make the prism before you have the time to scout their lair. Current nydus is quite weak and you kill one of the ovs so your 2nd unit stalker can defend it if your close to the nydus and probepull.

VOD

https://youtu.be/rBCm_4d35v4?t=1496

Build Order

Get SALT Encoding   

  14  0:17  Pylon  
  16  0:42  Gateway  
  20  1:25  Nexus  
  20  1:34  Cybernetics Core  
  21  1:43  Assimilator  
  22  1:55  Pylon  
  23  2:13  Sentry  He fakes warpgate then cancels for sentry
  25  2:15  Warp Gate  
  27  2:30  Stalker  
  31  2:41  Robotics Facility  
  34  3:00  Sentry  
  40  3:18  Action  Hallucinate phoenix kill overlord by nat
  38  3:09  Gateway  
  40  3:20  Pylon  
  42  3:30  Warp Prism  
  49  3:56  Immortal  
  46  3:34  Sentry  
  48  3:48  Pylon  
  49  4:00  Action  army in prism move out, cut probes at 39
  49  4:04  Pylon  
  53  4:13  Stalker, Adept  
  57  4:17  Gateway x2  
  57  4:25  Immortal  
  65  4:35  Gateway x2  
  65  4:41  Zealot x2  All you want to do with this push is force some lings, trade zealots and then go home in prism.
  61  5:55  Gateway  
  65  4:55  Immortal  
  69  5:15  Action  Move out, you have 2 immos with a 3rd rallied behind
  69  5:17  Zealot, Sentry  
  73  5:25  Observer  3rd immo done rally to push wall in behind it.
  74  5:38  Zealot x4, Stalker x2  Your army is now 4 stalkers, 5 sentries, 6 zealots, an adept and 3 immos
Spawning Tool Build Advisor. Get it on Overwolf

Analysis

The robo was scouted when he did this build. Might be he would not go prism first unless scouted.

Go to:

Details

  • Created by: Hindrance
  • Published on: May 14, 2019
  • Modified on: May 14, 2019
  • Patch: 4.7.1
Show
View Real Time Build Order
Export as new Build Order

Comments (0)

There are no comments. Be the first!

Create an account to comment!